 Dungeon Crawl Stone Soup version 0.28.0-53-g5a82cb258f (webtiles) character file.

Game seed: 14125932686114260869

3406 Infinimo the Fighter (level 10, -2/110 HPs)
             Began as an Ogre Berserker on June 4, 2022.
             Was a Priest of Trog.
             Slain by a killer bee (5 damage)
             ... on level 7 of the Dungeon.
             The game lasted 00:08:24 (9881 turns).

Infinimo the Fighter (Ogre Berserker)               Turns: 9881, Time: 00:08:24

Health: -2/110     AC:  6    Str: 27    XL:     10   Next: 4%
Magic:  10/10      EV: 11    Int:  8    God:    Trog [***...]
Gold:   287        SH:  0    Dex:  8    Spells: 9/9 levels left

rFire   . . .      SeeInvis .   r - +0 flail (venom)
rCold   + . .      Faith    .   (no shield)
rNeg    . . .      Spirit   .   o - +2 robe {rC+}
rPois   .          Reflect  .   (helmet restricted)
rElec   .          Harm     .   y - +0 cloak
rCorr   .          Rampage  .   (gloves unavailable)
Will    +....                   (boots unavailable)
Stlth   +.........              (no amulet)
HPRegen 0.28/turn               (no ring)
MPRegen 0.12/turn               (no ring)

@: on berserk cooldown, slowed, very slow
A: large, unfitting armour, tough skin 1
a: Renounce Religion, Berserk, Trog's Hand


You were on level 7 of the Dungeon.
You worshipped Trog.
Trog was most pleased with you.
You visited 1 branch of the dungeon, and saw 8 of its levels.

You collected 287 gold pieces.

Inventory:

Hand Weapons
 r - a +0 flail of venom (weapon)
 v - a +0 giant spiked club
Missiles
 l - 31 poisoned darts (quivered)
 z - a curare-tipped dart
Armour
 o - a +2 robe of cold resistance (worn)
 y - a +0 cloak (worn)
Jewellery
 p - a +6 ring of dexterity
 s - a ring of poison resistance
 u - a +6 ring of strength
 D - an amulet of faith
 E - a +6 ring of dexterity
 F - a ring of see invisible
Wands
 q - a wand of iceblast (27)
Scrolls
 c - 7 scrolls of identify
 d - a scroll of noise {unknown}
 e - 2 scrolls of fear
 g - a scroll of brand weapon
 n - 2 scrolls of magic mapping
 t - 2 scrolls of teleportation {unknown}
 w - a scroll of blinking
 x - a scroll of torment {unknown}
 A - a scroll of holy word {unknown}
 C - a scroll of immolation {unknown}
Potions
 a - 2 potions of mutation {unknown}
 b - 2 potions of degeneration {unknown}
 f - a potion of invisibility {unknown}
 h - a potion of flight {unknown}
 i - a potion of berserk rage {unknown}
 j - a potion of curing
 k - 2 potions of brilliance
 m - 4 potions of magic
 B - 2 potions of might {unknown}


   Skills:
 + Level 10.0 Fighting
 * Level 9.5 Maces & Flails
 + Level 6.9 Dodging


You had 9 spell levels left.
You didn't know any spells.
Your spell library was empty.

Dungeon Overview and Level Annotations

Branches:
Dungeon (8/15)             Temple (0/1) D:7
   Lair: D:8-11

Altars:
Elyvilon
Okawaru
Qazlal
Sif Muna
Trog

Shops:
D:4 *   D:7 (

Annotations:
D:4 3 runed translucent doors, spica's ghost, amateur DgTm


Innate Abilities, Weirdness & Mutations

You are too large for most types of armour.
You have tough skin. (AC +1)


Message History

The killer bee stings you but does no damage.
You miss the killer bee.
You feel very sick. The killer bee barely misses you.
The killer bee misses you. The killer bee closely misses you.
You closely miss the killer bee.
You feel sick. The killer bee misses you. The killer bee barely misses you. x2
You closely miss the killer bee.
You feel sick. The killer bee stings you.
* * * LOW HITPOINT WARNING * * *
The killer bee stings you but does no damage.
You closely miss the killer bee.
You feel sick. The killer bee stings you.
* * * LOW HITPOINT WARNING * * *
The killer bee stings you.
* * * LOW HITPOINT WARNING * * *
The killer bee barely misses you.
You miss the killer bee.
You feel sick.
You are no longer poisoned.
The killer bee stings you!
* * * LOW HITPOINT WARNING * * *
You are lethally poisoned!
The killer bee poisons you! The killer bee stings you.
* * * LOW HITPOINT WARNING * * *
The killer bee stings you but does no damage.
You feel better.
The killer bee stings you but does no damage.
The killer bee closely misses you. The killer bee barely misses you.
You thump the killer bee!
The killer bee is almost dead.
The killer bee barely misses you. The killer bee closely misses you.
You miss the killer bee.
The killer bee is almost dead.
The killer bee stings you but does no damage. x2
The killer bee stings you.
* * * LOW HITPOINT WARNING * * *
You barely miss the killer bee.
The killer bee is almost dead.
The killer bee stings you.
* * * LOW HITPOINT WARNING * * *
The killer bee stings you.
You die...

....................#############
##.#.##..........####
#.#.##............#
##.#.##............#
...#...............#
##.#.##.#.######'### #.#.##.#.#
#.# #......#.# #.# #.#.##.#.# #@#
##.#.##.#.######y#
................>######
...#.##.###...........#
.#.#+##...+...........#
.#....#####...........#
.#....#####.....<.....#
..........'..........?#
........###...........#


You could see a killer bee.

Vanquished Creatures
  2 slime creatures (D:5)
  The ghost of Descartes the Covert, an amateur FeDe of Elyvilon (D:5)
  Duvessa (D:4)
  A water moccasin (D:7)
  An orc warrior (D:6)
  2 sky beasts
  A necrophage (D:7)
  4 ogres
  A phantom (D:7)
  2 kobold brigands (D:5)
  A gnoll sergeant (D:5)
  A scorpion (D:5)
  Dowan (D:4)
  10 killer bees
  A howler monkey (D:5)
  8 jellies
  3 bullfrog zombies
  3 orc priests
  A bullfrog skeleton (D:5)
  A hound (D:5)
  A gnoll shaman (D:7)
  Jessica (D:2)
  5 orc wizards (D:6)
  A hound skeleton (D:4)
  A howler monkey zombie (D:7)
  8 gnolls
  4 adders
  A shadow imp (D:6)
  A white imp (D:5)
  2 adder skeletons (D:4)
  4 worms
  2 dart slugs
  19 orcs
  9 ball pythons
  6 endoplasms
  6 giant cockroaches
  5 goblins
  8 hobgoblins
  2 quokkas (D:1)
  4 bats
  6 frilled lizards
  11 kobolds
  9 rats
162 creatures vanquished.

Vanquished Creatures (collateral kills)
  Grinder (D:4)
1 creature vanquished.

Vanquished Creatures (others)
  7 fungi (D:5)
  7 toadstools (D:5)
14 creatures vanquished.

Grand Total: 177 creatures vanquished

Notes
Turn   | Place    | Note
-------+----------+-------------------------------------------
     0 | D:1      | Infinimo the Ogre Berserker began the quest for the Orb.
     0 | D:1      | Reached XP level 1. HP: 24/24 MP: 1/1
   165 | D:1      | Reached XP level 2. HP: 31/32 MP: 2/2
   599 | D:1      | Found a faded altar of an unknown god.
  1090 | D:2      | Noticed Jessica
  1102 | D:2      | Killed Jessica
  1103 | D:2      | Reached XP level 3. HP: 22/40 MP: 3/3
  1442 | D:2      | Reached ** piety under Trog
  1471 | D:2      | Reached XP level 4. HP: 49/49 MP: 4/4
  2240 | D:3      | Found a white marble altar of Elyvilon.
  2267 | D:3      | Reached skill level 5 in Fighting
  2463 | D:3      | Reached XP level 5. HP: 44/57 MP: 5/5
  3062 | D:3      | Reached XP level 6. HP: 66/66 MP: 6/6
  3435 | D:4      | Noticed Duvessa
  3435 | D:4      | Noticed Dowan
  3485 | D:4      | Noticed Grinder
  3503 | D:4      | Killed Grinder
  3504 | D:4      | Reached skill level 6 in Fighting
  3504 | D:4      | Reached skill level 5 in Maces & Flails
  3504 | D:4      | Reached XP level 7. HP: 66/75 MP: 7/7
  3571 | D:4      | Killed Duvessa
  3618 | D:4      | Killed Dowan
  3662 | D:4      | Found a runed translucent gate.
  3668 | D:4      | Noticed spica's ghost (amateur DgTm)
  3776 | D:4      | Found a runed translucent gate.
  3782 | D:4      | Found a runed translucent gate.
  4001 | D:4      | Found Uputath's General Store.
  4851 | D:5      | Entered Level 5 of the Dungeon
  4859 | D:5      | Identified the +2 falchion "Zykaj" {venom, rElec}
  4873 | D:5      | Reached XP level 8. HP: 84/84 MP: 8/8
  4875 | D:5      | Reached skill level 7 in Fighting
  5178 | D:5      | Found a runed translucent door.
  5187 | D:5      | Noticed Descartes's ghost (amateur FeDe)
  5206 | D:5      | Reached skill level 5 in Dodging
  5358 | D:5      | Found a stormy altar of Qazlal.
  5623 | D:5      | Found a bloodstained altar of Trog.
  5694 | D:5      | Reached *** piety under Trog
  6022 | D:5      | Noticed a slime creature
  6022 | D:5      | Noticed a slime creature
  6037 | D:5      | Killed a slime creature
  6038 | D:5      | Reached skill level 8 in Fighting
  6137 | D:5      | Killed a slime creature
  6138 | D:5      | Reached XP level 9. HP: 68/97 MP: 9/9
  6683 | D:5      | Killed Descartes's ghost
  7635 | D:6      | Reached skill level 9 in Fighting
  7842 | D:6      | Found a shimmering blue altar of Sif Muna.
  8646 | D:7      | Found an iron altar of Okawaru.
  9091 | D:7      | Identified the +1 ring mail of Magic {Rampage Regen+ Str+3}
  9496 | D:7      | Found a staircase to the Ecumenical Temple.
  9588 | D:7      | Found Sustit's Weapon Boutique.
  9860 | D:8      | Reached XP level 10. HP: 110/110 MP: 10/10
  9872 | D:7      | Reached skill level 10 in Fighting
  9877 | D:7      | HP: 3/110 [killer bee (4)]
  9881 | D:7      | Slain by a killer bee

Illustrated notes

Levels and vault maps discovered:
D:1:      dpeg_arrival_orchard, layout_basic,
          shapermc_ecumenical_altar_mp_highgroup, minivault_26,
          serial_park_tiny_1
D:2:      layout_loops_ring, lightli_corner_chamber, uniq_jessica
D:3:      layout_loops_cross, mainiacjoe_overflow_small_starburst,
          minmay_misc_feat_iff
D:4:      layout_layer_cave, serial_shops, shop, gammafunk_ghost_split,
          uniq_grinder, uniq_duvessa
D:5:      cheibrodos_fertilizer, layout_cave_pools,
          lemuel_coloured_pillars_altar, nicolae_qazlal_general_emergency,
          ebering_ghost_reflecting_pool, chequers_serial_rivers_marsh,
          grunt_ministairs_15
D:6:      layout_gridville, kennysheep_orc_sif_temple
D:7:      layout_basic, okawaru_gym_becter, temple_statues,
          nicolae_inconvenience_store
D:8:      layout_loops_cross, enter_bailey_2, serial_shops,
          nicolae_shop_advertising_works [nicolae_subvault_shop_adworks],
          uniq_joseph

Skill      XL: |  1  2  3  4  5  6  7  8  9 10 |
---------------+-------------------------------+-----
Maces & Flails | 3 4 5 6 7 9 |  9.5
Dodging        | 3 4 5 6 |  6.9
Fighting       | 5 6 8 9 10 | 10.0

Action                   |  1- 3 |  4- 6 |  7- 9 | 10-12 || total
-------------------------+-------+-------+-------+-------++-------
Melee: Mace              |    84 |   128 |       |       ||   212
       Punch             |     1 |     1 |     4 |     1 ||     7
       Flail             |       |     8 |   336 |    14 ||   358
Invok: Berserk           |     1 |     6 |    15 |       ||    22
  Use: Scroll            |       |     7 |     4 |       ||    11
       Potion            |       |       |       |     2 ||     2
Armor: Animal skin       |    26 |    35 |       |       ||    61
       Robe              |       |    14 |    75 |    10 ||    99
Dodge: Dodged            |    45 |    68 |   146 |    22 ||   281
